BSA
SEATTLE PIKES @ LOS CABOS CARTEL
09/10/2026
 
TOP OF THE 1ST
Seattle Pikes batting - Pitching for Los Cabos Cartel : LHP Francisco Pérez
Pitching: LHP Francisco Pérez
Batting: RHB Randy Sheppard 0-0: Swinging Strike
0-1: SINGLE (Line Drive, 7S)
Batting: RHB António Ortega 0-0: Called Strike
0-1: Called Strike
0-2: Ball
1-2: SINGLE (Flyball, 7LS)
Randy Sheppard to second
Batting: LHB Richard Hunter 0-0: Hit by Pitch
Randy Sheppard to third
António Ortega to second
Batting: RHB Alfredo Rivera 0-0: Called Strike
0-1: Ball
1-1: Ball
2-1: Foul Ball, location: 2F
2-2: Foul Ball, location: 2F
2-2: Reached on Error, E8 (Flyball, 8LS)
Randy Sheppard scores
António Ortega to third
Richard Hunter to second
Batting: RHB Manuel Rico 0-0: Ball
1-0: Foul Ball, location: 2F
1-1: Ball
2-1: Foul Ball, location: 2F
2-2: Foul Ball, location: 2F
2-2: Fly out, F7 (Line Drive, 7M)
Runner from 3rd tags up, OUT at HOME
Richard Hunter to third
Alfredo Rivera to second
Batting: RHB Iván Gonzáles 0-0: Ball
1-0: Ball
2-0: Hit by Pitch
Batting: RHB Tae-kwon Kwon 0-0: Ball
1-0: Ball
2-0: Ball
3-0: Called Strike
3-1: Foul Ball, location: 2F
3-2: DOUBLE (Flyball, 7LM)
Richard Hunter scores
Alfredo Rivera scores
Iván Gonzáles to third
Iván Gonzáles scores
Pinch Runner at 2nd Wallace Greene:
Batting: SHB António Hernández 0-0: Ball
1-0: Foul Ball, location: 2F
1-1: SINGLE (Groundball, 25) (infield hit)
Wallace Greene to third
Batting: RHB Kazushige Aoki 0-0: SINGLE (Groundball, 56D)
Wallace Greene scores
António Hernández to second
Batting: RHB Randy Sheppard 0-0: Called Strike
0-1: Ball
1-1: Fly out, F6 (Popup, 56D)
Top of the 1st over - 5 run(s), 5 hit(s), 1 error(s), 2 left on base; Seattle 5 - Los Cabos 0
BOTTOM OF THE 1ST
Los Cabos Cartel batting - Pitching for Seattle Pikes : LHP Albert Lebel
Pitching: LHP Albert Lebel
Now at C: Wallace Greene
Batting: LHB Luis González 0-0: Ball
1-0: Ground out 4-3 (Groundball, 34)
Batting: RHB António Magana 0-0: Ball
1-0: Ball
2-0: Called Strike
2-1: Ball
3-1: Swinging Strike
3-2: Foul Ball, location: 2F
3-2: Foul Ball, location: 2F
3-2: SINGLE (Flyball, 8RS)
Batting: SHB Julián Madrid 0-0: Ground out 4-3 (Groundball, 13)
António Magana to second
Batting: RHB Stephen Wilson 0-0: Ball
1-0: Foul Ball, location: 2F
1-1: Foul Ball, location: 2F
1-2: Foul Ball, location: 2F
1-2: Foul Ball, location: 2F
1-2: Ground out 6-3 (Groundball, 6M)
Bottom of the 1st over - 0 run(s), 1 hit(s), 0 error(s), 1 left on base; Seattle 5 - Los Cabos 0
TOP OF THE 2ND
Seattle Pikes batting - Pitching for Los Cabos Cartel : LHP Francisco Pérez
Batting: RHB António Ortega 0-0: Called Strike
0-1: Ground out 6-3 (Groundball, 6M)
Batting: LHB Richard Hunter 0-0: Ground out 6-3 (Groundball, 6)
Batting: RHB Alfredo Rivera 0-0: Called Strike
0-1: Called Strike
0-2: Ball
1-2: Ball
2-2: Ball
3-2: Ground out 5-3 (Groundball, 5S)
Top of the 2nd over - 0 run(s), 0 hit(s), 0 error(s), 0 left on base; Seattle 5 - Los Cabos 0
BOTTOM OF THE 2ND
Los Cabos Cartel batting - Pitching for Seattle Pikes : LHP Albert Lebel
Batting: LHB Willie Wallace 0-0: Ball
1-0: Foul Ball, location: 2F
1-1: Swinging Strike
1-2: Ball
2-2: Strikes out swinging
Batting: RHB Víctor Solano 0-0: Foul Ball, location: 2F
0-1: Foul Ball, location: 2F
0-2: Foul Ball, location: 2F
0-2: Ball
1-2: Strikes out swinging
Batting: LHB Manny Quiñones 0-0: Foul Ball, location: 2F
0-1: Ball
1-1: Swinging Strike
1-2: Strikes out swinging
Bottom of the 2nd over - 0 run(s), 0 hit(s), 0 error(s), 0 left on base; Seattle 5 - Los Cabos 0
TOP OF THE 3RD
Seattle Pikes batting - Pitching for Los Cabos Cartel : LHP Francisco Pérez
Batting: RHB Manuel Rico 0-0: Ball
1-0: Ball
2-0: Called Strike
2-1: Ball
3-1: Base on Balls
Batting: RHB Iván Gonzáles 0-0: Fly out, F8 (Flyball, 8LXD)
Batting: RHB Wallace Greene 0-0: Called Strike
0-1: Ball
1-1: TRIPLE (Line Drive, 9LS)
Manuel Rico scores
Batting: SHB António Hernández 0-0: Called Strike
Steal of home, Wallace Greene is out
0-1: Ball
1-1: Foul Ball, location: 2F
1-2: Foul Ball, location: 2F
1-2: Strikes out looking
Top of the 3rd over - 1 run(s), 1 hit(s), 0 error(s), 0 left on base; Seattle 6 - Los Cabos 0
BOTTOM OF THE 3RD
Los Cabos Cartel batting - Pitching for Seattle Pikes : LHP Albert Lebel
Batting: RHB Ángel Garza 0-0: Ball
1-0: Swinging Strike
1-1: DOUBLE (Groundball, 3L)
Batting: RHB Wilbert Rodgers 0-0: Fly out, F9 (Flyball, 9D)
Runner from 2nd tags up, SAFE at 3rd, no throw
Batting: LHB Luis González 0-0: Called Strike
0-1: Ball
1-1: Foul Ball, location: 2F
1-2: Foul Ball, location: 2F
1-2: Ball
2-2: Foul Ball, location: 2F
2-2: Fly out, F5 (Line Drive, 56)
Batting: RHB António Magana 0-0: Foul Ball, location: 2F
0-1: Called Strike
0-2: Strikes out swinging
Bottom of the 3rd over - 0 run(s), 1 hit(s), 0 error(s), 1 left on base; Seattle 6 - Los Cabos 0
TOP OF THE 4TH
Seattle Pikes batting - Pitching for Los Cabos Cartel : LHP Francisco Pérez
Batting: RHB Kazushige Aoki 0-0: Ball
1-0: Swinging Strike
1-1: Foul Ball, location: 2F
1-2: Strikes out swinging
Batting: RHB Randy Sheppard 0-0: Ball
1-0: Called Strike
1-1: SINGLE (Line Drive, 6MD)
Batting: RHB António Ortega 0-0: Ball
1-0: Ball
2-0: Fly out, F7 (Flyball, 7M)
Batting: LHB Richard Hunter 0-0: Called Strike
Randy Sheppard is caught stealing 2nd base
Top of the 4th over - 0 run(s), 1 hit(s), 0 error(s), 0 left on base; Seattle 6 - Los Cabos 0
BOTTOM OF THE 4TH
Los Cabos Cartel batting - Pitching for Seattle Pikes : LHP Albert Lebel
Batting: SHB Julián Madrid 0-0: Foul Ball, location: 2F
0-1: Fly out, F8 (Line Drive, 8RD)
Batting: RHB Stephen Wilson 0-0: Called Strike
0-1: Ball
1-1: Ground out 6-3 (Groundball, 6)
Batting: LHB Willie Wallace 0-0: Called Strike
0-1: Foul Ball, location: 2F
0-2: Ball
1-2: Strikes out looking
Bottom of the 4th over - 0 run(s), 0 hit(s), 0 error(s), 0 left on base; Seattle 6 - Los Cabos 0
TOP OF THE 5TH
Seattle Pikes batting - Pitching for Los Cabos Cartel : LHP Francisco Pérez
Batting: LHB Richard Hunter 0-0: Called Strike
0-1: Foul Ball, location: 2F
0-2: Ground out U3 (Groundball, 3L)
Batting: RHB Alfredo Rivera 0-0: Ball
1-0: Ball
2-0: Called Strike
2-1: Ball
3-1: Base on Balls
Batting: RHB Manuel Rico 0-0: Foul Ball, location: 2F
0-1: Ball
1-1: Ball
2-1: Ball
3-1: Called Strike
3-2: Strikes out swinging
Batting: RHB Iván Gonzáles 0-0: Called Strike
0-1: Fly out, F3 (Popup, 3F)
Top of the 5th over - 0 run(s), 0 hit(s), 0 error(s), 1 left on base; Seattle 6 - Los Cabos 0
BOTTOM OF THE 5TH
Los Cabos Cartel batting - Pitching for Seattle Pikes : LHP Albert Lebel
Batting: RHB Víctor Solano 0-0: Ground out 6-3 (Groundball, 6)
Batting: LHB Manny Quiñones 0-0: Called Strike
0-1: Ball
1-1: Ball
2-1: Fly out, F9 (Line Drive, 89S)
Batting: RHB Ángel Garza 0-0: Ball
1-0: Swinging Strike
1-1: Ball
2-1: Swinging Strike
2-2: Strikes out swinging
Bottom of the 5th over - 0 run(s), 0 hit(s), 0 error(s), 0 left on base; Seattle 6 - Los Cabos 0
TOP OF THE 6TH
Seattle Pikes batting - Pitching for Los Cabos Cartel : LHP Francisco Pérez
Batting: RHB Wallace Greene 0-0: Ball
1-0: Ball
2-0: Ground out 5-3 (Groundball, 56)
Batting: SHB António Hernández 0-0: Ball
1-0: Called Strike
1-1: Foul Ball, location: 2F
1-2: Ball
2-2: Ball
3-2: Strikes out swinging
Batting: RHB Kazushige Aoki 0-0: Ball
1-0: Ball
2-0: Called Strike
2-1: Ground out 6-3 (Groundball, 6)
Top of the 6th over - 0 run(s), 0 hit(s), 0 error(s), 0 left on base; Seattle 6 - Los Cabos 0
BOTTOM OF THE 6TH
Los Cabos Cartel batting - Pitching for Seattle Pikes : LHP Albert Lebel
Batting: RHB Wilbert Rodgers 0-0: Ball
1-0: Ball
2-0: Called Strike
2-1: Called Strike
2-2: Ball
3-2: Base on Balls
Batting: LHB Luis González 0-0: Ball
1-0: SINGLE (Groundball, 4MD)
Wilbert Rodgers to second
Batting: RHB António Magana 0-0: Swinging Strike
0-1: Swinging Strike
0-2: Foul Ball, location: 2F
0-2: Ball
1-2: Foul Ball, location: 2F
1-2: Strikes out swinging
Batting: SHB Julián Madrid 0-0: Foul Ball, location: 2F
0-1: Ball
1-1: Called Strike
1-2: Ball
2-2: Grounds into double play, 6-4-3 (Groundball, 6)
Bottom of the 6th over - 0 run(s), 1 hit(s), 0 error(s), 1 left on base; Seattle 6 - Los Cabos 0
TOP OF THE 7TH
Seattle Pikes batting - Pitching for Los Cabos Cartel : LHP Francisco Pérez
Pitching: LHP Jung-keun Yi
Batting: RHB Randy Sheppard 0-0: Swinging Strike
0-1: Foul Ball, location: 2F
0-2: Ball
1-2: Ball
2-2: Foul Ball, location: 2F
2-2: Foul Ball, location: 2F
2-2: Strikes out swinging
Batting: RHB António Ortega 0-0: Ball
1-0: Ball
2-0: Called Strike
2-1: DOUBLE (Line Drive, 3D)
Batting: LHB Richard Hunter 0-0: Called Strike
0-1: Ball
1-1: Ball
2-1: Ground out 6-3 (Groundball, 6M)
António Ortega to third
Batting: RHB Alfredo Rivera 0-0: Called Strike
0-1: Ball
1-1: Fly out, F9 (Flyball, 9D)
Top of the 7th over - 0 run(s), 1 hit(s), 0 error(s), 1 left on base; Seattle 6 - Los Cabos 0
BOTTOM OF THE 7TH
Los Cabos Cartel batting - Pitching for Seattle Pikes : LHP Albert Lebel
Batting: RHB Stephen Wilson 0-0: Foul Ball, location: 2F
0-1: Foul Ball, location: 2F
0-2: Foul Ball, location: 2F
0-2: Ball
1-2: Foul Ball, location: 2F
1-2: Foul Ball, location: 2F
1-2: Foul Ball, location: 2F
1-2: Ball
2-2: Foul Ball, location: 2F
2-2: Foul Ball, location: 2F
2-2: Ball
3-2: Fly out, F9 (Flyball, 89S)
Pitching: RHP Thomas Hughes
Batting: LHB Willie Wallace 0-0: Ball
1-0: Swinging Strike
1-1: Fly out, F9 (Line Drive, 9D)
Batting: RHB Víctor Solano 0-0: Called Strike
0-1: Ball
1-1: Called Strike
1-2: Ball
2-2: Ball
3-2: Strikes out swinging
Bottom of the 7th over - 0 run(s), 0 hit(s), 0 error(s), 0 left on base; Seattle 6 - Los Cabos 0
TOP OF THE 8TH
Seattle Pikes batting - Pitching for Los Cabos Cartel : LHP Jung-keun Yi
Pitching: RHP Masahiko Okada
Batting: RHB Manuel Rico 0-0: Ball
1-0: Ball
2-0: Called Strike
2-1: Ground out 5-3 (Groundball, 56S)
Batting: RHB Iván Gonzáles 0-0: Ball
1-0: Called Strike
1-1: Foul Ball, location: 2F
1-2: SINGLE (Groundball, 4MD)
Batting: RHB Wallace Greene 0-0: Grounds into double play, 6-4-3 (Groundball, 6)
Top of the 8th over - 0 run(s), 1 hit(s), 0 error(s), 0 left on base; Seattle 6 - Los Cabos 0
BOTTOM OF THE 8TH
Los Cabos Cartel batting - Pitching for Seattle Pikes : RHP Thomas Hughes
Now at 3B: Rubén Díaz
Batting: LHB Manny Quiñones 0-0: Called Strike
0-1: Foul Ball, location: 2F
0-2: Ball
1-2: Ball
2-2: Strikes out swinging
Batting: RHB Ángel Garza 0-0: Called Strike
0-1: Swinging Strike
0-2: Strikes out swinging
Batting: RHB Wilbert Rodgers 0-0: Ball
1-0: Ball
2-0: Called Strike
2-1: Ball
3-1: Base on Balls
Batting: LHB Luis González 0-0: Ball
1-0: Called Strike
1-1: Ball
2-1: Ball
3-1: Base on Balls
Wilbert Rodgers to second
Batting: RHB António Magana 0-0: Ball
1-0: Ball
2-0: Ball
3-0: Base on Balls
Wilbert Rodgers to third
Luis González to second
Batting: SHB Julián Madrid 0-0: SINGLE (Popup, 4MD)
Wilbert Rodgers scores
Luis González to third
António Magana to second
Runner from 3rd tries for Home, SAFE, no throw or cutoff
Pitching: RHP Rodrigo Aguilar
Batting: RHB Stephen Wilson 0-0: Ball
1-0: Foul Ball, location: 2F
1-1: DOUBLE (Flyball, 9LM)
António Magana scores
Julián Madrid to third
Pitching: LHP Jerry Beck
Batting: LHB Willie Wallace 0-0: Foul Ball, location: 2F
0-1: Called Strike
0-2: Ball
1-2: Strikes out swinging
Bottom of the 8th over - 3 run(s), 2 hit(s), 0 error(s), 2 left on base; Seattle 6 - Los Cabos 3
TOP OF THE 9TH
Seattle Pikes batting - Pitching for Los Cabos Cartel : RHP Masahiko Okada
Batting: SHB António Hernández 0-0: Ground out 5-3 (Groundball, 56)
Batting: RHB Kazushige Aoki 0-0: Called Strike
0-1: Foul Ball, location: 2F
0-2: Ball
1-2: Ball
2-2: Ball
3-2: SINGLE (Groundball, 4MD)
Batting: RHB Randy Sheppard 0-0: Fielders Choice at 2nd, 6-4 (Groundball, 6M)
Batting: RHB António Ortega 0-0: Ball
1-0: Ball
2-0: Ball
3-0: Called Strike
3-1: Called Strike
3-2: Strikes out swinging
Top of the 9th over - 0 run(s), 1 hit(s), 0 error(s), 1 left on base; Seattle 6 - Los Cabos 3
BOTTOM OF THE 9TH
Los Cabos Cartel batting - Pitching for Seattle Pikes : LHP Jerry Beck
Pitching: LHP Cristián Escobar
Batting: RHB Víctor Solano 0-0: Ball
1-0: Swinging Strike
1-1: Fly out, F6 (Line Drive, 6)
Batting: LHB Manny Quiñones 0-0: Ball
1-0: Called Strike
1-1: Ball
2-1: Ball
3-1: Ground out U3 (Groundball, 3)
Batting: RHB Ángel Garza 0-0: Ball
1-0: Called Strike
1-1: Ground out 5-3 (Groundball, 5S)
Bottom of the 9th over - 0 run(s), 0 hit(s), 0 error(s), 0 left on base; Seattle 6 - Los Cabos 3
Monday, December 5th, 2016 - OOTP Baseball 17.12 Build 75